 Dungeon Crawl Stone Soup version 0.27-a0-1299-g1ab19c6527 (webtiles) character file.

Game seed: 9043410234643090534

1019 mordus the Spear-Bearer (level 8, -2/96 HPs)
             Began as a Minotaur Monk on June 16, 2021.
             Slain by a six-headed hydra (7 damage)
             ... on level 6 of the Dungeon.
             The game lasted 00:06:13 (4971 turns).

mordus the Spear-Bearer (Minotaur Monk)             Turns: 4971, Time: 00:06:13

Health: -2/96      AC: 24    Str: 19    XL:     8   Next: 2%
Magic:  7/7        EV:  2    Int:  7    God:
Gold:   272        SH:  0    Dex: 12    Spells: 7/7 levels left

rFire    . . .     SeeInvis .   h - +0 trident
rCold    . . .     Faith    .   (no shield)
rNeg     + + +     Spirit   .   (armour currently unavailable)
rPois    +         Reflect  .   (helmet currently unavailable)
rElec    .         Harm     .   (cloak currently unavailable)
rCorr    .         Rampage  .   (gloves currently unavailable)
Will     .....     NoTele   +   (boots currently unavailable)
Stlth    ++........             (no amulet)
HPRegen  0.26/turn              n - +4 ring of evasion
MPRegen  0.10/turn              (no ring)

@: tree-form
A: stationary, stasis, torment immunity, boosted hp, (horns 2), (retaliatory
headbutt)
a: no special abilities


You were on level 6 of the Dungeon.
You were a tree.
You visited 1 branch of the dungeon, and saw 8 of its levels.

You collected 272 gold pieces.

Inventory:

Hand Weapons
 a - a +0 spear
 h - a +0 trident (weapon)
Armour
 b - a +0 robe
 m - a +0 pair of boots (melded)
 o - a +0 ring mail
 p - the +5 chain mail of Virtue (melded) {rCorr Int+2}
   (You found it on level 4 of the Dungeon)

   It affects your intelligence (+2).
   It protects you from acid and corrosion.
Jewellery
 n - a +4 ring of evasion (left branch)
 w - a ring of ice
Wands
 r - a wand of digging (5)
 u - a wand of flame (13)
 v - a wand of polymorph (6)
Scrolls
 e - 6 scrolls of identify {unknown}
 f - 2 scrolls of magic mapping {unknown}
 i - 3 scrolls of teleportation {unknown}
 l - a scroll of enchant weapon {unknown}
 s - a scroll of brand weapon {unknown}
Potions
 c - a potion of resistance
 d - a potion of lignification
 g - 3 potions of curing {unknown}
 j - a potion of berserk rage {unknown}
 k - a potion of heal wounds {unknown}
 q - 2 potions of flight {unknown}
 t - a potion of invisibility {unknown}


   Skills:
 - Level 3.6 Fighting
 * Level 10.3 Polearms
 + Level 5.0 Armour
 - Level 3.2 Dodging
 - Level 1.5 Stealth


You had 7 spell levels left.
You didn't know any spells.
Your spell library contained the following spells:

 Spells                   Type           Power      Damage    Failure   Level
 Corona                   Hex            0%         N/A       43%         1
 Ensorcelled Hibernation  Hex/Ice        0%         N/A       56%         2
 Confusing Touch          Hex            0%         N/A       80%         3
 Dazzling Flash           Conj/Hex       0%         N/A       80%         3
 Tukima's Dance           Hex            0%         N/A       80%         3


Dungeon Overview and Level Annotations

Branches:
Dungeon (8/15)             Temple (0/1) D:5
   Lair: D:8-11

Altars:
Ru

Annotations:
D:4 2 transporters


Innate Abilities, Weirdness & Mutations

You are a tree.
Your roots penetrate the ground, keeping you stationary.
You cannot be teleported.
You are immune to unholy pain and torment.
Your maximum health is greatly increased.
Your equipment is partially melded.
((You have a pair of horns on your head.))
((You reflexively headbutt those who attack you in melee.))


Message History

The bullfrog hits you.
You closely miss the bullfrog.
The bullfrog is severely wounded.
The bullfrog hits you but does no damage.
You hit the bullfrog.
The bullfrog is almost dead.
The bullfrog misses you.
The bullfrog hits you but does no damage.
The bullfrog barely misses you.
You closely miss the bullfrog. You headbutt the bullfrog.
You kill the bullfrog!
The six-headed hydra bites you but does no damage. x2
The six-headed hydra barely misses you. The six-headed hydra bites you.
The six-headed hydra completely misses you.
The six-headed hydra bites you but does no damage.
Your Armour skill increases to level 5!
You have reached level 8!
You feel stronger. The six-headed hydra bites you.
* * * LOW HITPOINT WARNING * * *
The six-headed hydra bites you but does no damage. x2
The six-headed hydra bites you.
* * * LOW HITPOINT WARNING * * *
The six-headed hydra bites you but does no damage. x2
Found a plate armour.
You hear the brisk rusting of a distant drain.
Found a scroll labelled APNAST ITISM.
The six-headed hydra bites you. The six-headed hydra bites you!
* * * LOW HITPOINT WARNING * * *
The six-headed hydra bites you!
* * * LOW HITPOINT WARNING * * *
The six-headed hydra barely misses you.
The six-headed hydra bites you but does no damage.
The six-headed hydra barely misses you.
Okay, then.
It was a potion of lignification.
You turn into a tree.
Your +0 pair of boots melds into your body.
The +5 chain mail of Virtue {rCorr Int+2} melds into your body.
Your roots penetrate the ground.
The six-headed hydra bites you!
You die...

##.###.#..###...###..#.#..#......
.......#........ ...............
..........#....####..............
.÷...............................
......##..# #...........).....#.#
......##..###..# ...............#
...............# .............#.#
...............##....... #.#
...............D♣....... #.#
##..###...###.[##.#...........#..
..........###..##.#.####.........
##..###..........................
##..###..........................
.................................
.................................
..........#.#.#.#.###.##......#..
##..####..........###.##.........


You could see a six-headed hydra.

Vanquished Creatures
  A water moccasin (D:4)
  A sky beast (D:5)
  An ogre (D:5)
  Blork the orc (D:4)
  A bullfrog (D:6)
  A scorpion (D:5)
  A water moccasin zombie (D:6)
  2 hounds (D:6)
  A jelly (D:6)
  2 bullfrog skeletons
  2 orc priests
  An orc wizard (D:4)
  2 iguanas (D:4)
  7 adders
  3 gnolls
  2 ufetubi
  3 adder skeletons
  2 dart slugs
  6 orcs
  4 ball pythons
  11 endoplasms
  2 giant cockroaches
  6 goblins
  8 hobgoblins
  7 jackals
  3 kobolds
  3 quokkas
  7 bats
  5 frilled lizards
  13 rats
109 creatures vanquished.

Notes
Turn   | Place    | Note
-------+----------+-------------------------------------------
     0 | D:1      | mordus the Minotaur Monk began the quest for the Orb.
     0 | D:1      | Reached XP level 1. HP: 19/19 MP: 0/0
    50 | D:1      | Reached skill level 4 in Polearms
   481 | D:1      | Reached XP level 2. HP: 25/26 MP: 1/1
   769 | D:1      | Reached skill level 5 in Polearms
   955 | D:1      | Reached XP level 3. HP: 27/31 MP: 2/2
   996 | D:1      | Found a faded altar of an unknown god.
  2242 | D:2      | Reached XP level 4. HP: 34/39 MP: 3/3
  2318 | D:3      | Found a sacrificial altar of Ru.
  2325 | D:3      | Reached skill level 6 in Polearms
  3127 | D:3      | Reached skill level 7 in Polearms
  3127 | D:3      | Reached XP level 5. HP: 36/45 MP: 4/4
  3351 | D:4      | Found a transporter.
  3396 | D:4      | Identified the +5 chain mail of Virtue {rCorr Int+2}
  3424 | D:4      | Found a transporter.
  3453 | D:4      | Noticed Blork the orc
  3461 | D:4      | Killed Blork the orc
  3462 | D:4      | Reached skill level 1 in Armour
  3462 | D:4      | Reached XP level 6. HP: 39/51 MP: 5/5
  3560 | D:4      | Reached skill level 8 in Polearms
  4014 | D:4      | Noticed a water moccasin
  4019 | D:4      | Killed a water moccasin
  4192 | D:5      | Entered Level 5 of the Dungeon
  4195 | D:5      | Noticed a sky beast
  4209 | D:5      | Killed a sky beast
  4210 | D:5      | Reached skill level 9 in Polearms
  4210 | D:5      | Reached XP level 7. HP: 57/57 MP: 6/6
  4364 | D:5      | Found a staircase to the Ecumenical Temple.
  4483 | D:5      | You fall into a shaft and drop 3 floors!
  4700 | D:6      | Identified the +1 leather armour of Winter {*Corrode Will++
                  | Str+4}
  4735 | D:6      | Reached skill level 10 in Polearms
  4856 | D:6      | Noticed a six-headed hydra
  4894 | D:6      | Reached skill level 5 in Armour
  4894 | D:6      | Reached XP level 8. HP: 23/64 MP: 7/7
  4967 | D:6      | HP: 2/64 [six-headed hydra (10)]
  4971 | D:6      | Slain by a six-headed hydra

Illustrated notes

Levels and vault maps discovered:
D:1:      dpeg_arrival_simpleton_a, layout_loops_ring,
          hellmonk_ecumenical_altar_leap_of_faith
D:2:      layout_loops_corners, chequers_serial_rivers_micro_b, st_stairs_4
D:3:      layout_rooms, amcnicky_altar_gilded, minmay_diced_spiral
D:4:      gammafunk_cloud_chamber, layout_cave_pools, minmay_cut_off,
          uniq_blork_the_orc
D:5:      layout_basic, minmay_temple_entry_proselytizer, serial_shops, shop,
          hangedman_decor_lopped, uniq_sigmund
D:6:      layout_basic, portal_sewer_entry_b, minmay_misc_feat_doors
D:7:      layout_layer_cave, grunt_temple_overflow_diamond,
          grunt_temple_overflow_open
D:8:      layout_basic, serial_shops, kennysheep_mini, minmay_misc_feat_five,
          uniq_harold

Skill      XL: |  1  2  3  4  5  6  7 |
---------------+----------------------+-----
Polearms       | 4 5 7 9 10 | 10.3
Armour         | 1 3 5 |  5.0
Fighting       | |  3.6
Dodging        | |  3.2
Stealth        | |  1.5

Action                   |  1- 3 |  4- 6 |  7- 9 || total
-------------------------+-------+-------+-------++-------
Melee: Spear             |    70 |       |       ||    70
       Headbutt          |     7 |    16 |    16 ||    39
       Trident           |    36 |   146 |    56 ||   238
  Use: Potion            |       |       |     1 ||     1
 Stab: Sleeping          |     8 |     1 |       ||     9
Armor: Robe              |     3 |     3 |       ||     6
       Ring mail         |       |     5 |       ||     5
       Chain mail        |       |    24 |    31 ||    55
Dodge: Dodged            |    37 |    78 |    24 ||   139

Table legend: (Time is in decaauts)
 A = Elapsed time spent in this place.
 B = Non-inter-level travel time spent in this place.
 C = Inter-level travel time spent in this place.
 D = Time resting spent in this place.
 E = Time spent auto-exploring this place.
 F = Levels seen in this place.
 G = Mean time per level.
                   A        B        C        D        E       F      G
               +--------+--------+--------+--------+--------+-----+--------+
         Total |   4943 |   4871 |     72 |    561 |   3476 |   8 |  617.9 |
       Dungeon |   4943 |   4871 |     72 |    561 |   3476 |   8 |  617.9 |
               +--------+--------+--------+--------+--------+-----+--------+

Top non-repeatable levels by time:
     D:1: 1270 daAuts
     D:2: 1265 daAuts
     D:4: 826 daAuts
     D:3: 813 daAuts
     D:6: 404 daAuts
     D:5: 287 daAuts
     D:7: 46 daAuts
     D:8: 28 daAuts
